Match 46803610
Unlisted

Match 46803610
End
Selects Italian Combined Arms Battlegroup
Selects Bersaglieri Squad
Bersaglieri Squad
Kradschützen Motorcycle Team
Bersaglieri Squad
Bersaglieri Squad
Construct Light Support Kompanie
Selects Bersaglieri Bolster
Fire Support Elements
Flakvierling Half-track
Veteran Squad Leaders
Vehicle Survival Package
Selects Breda Model 30 Light Machine Guns
Panzerjäger Mechanized Group
Construct Panzerarmee Kommand
Walking Stuka Rocket Launcher
Selects Semovente da 75/18 Assault Gun
Construct Mechanized Kompanie
Marder III Tank Destroyer
Selects Strafing Run
Selects Artillery Cover
Emergency Repair Kits
Bersaglieri Squad
Strafing Run
Panzer III L Medium Tank
Strafing Run
Walking Stuka Rocket Launcher
Panzer III L Medium Tank
Artillery Cover
Strafing Run
Bersaglieri Squad
Panzer III L Medium Tank
Symbiosis
aSIIDemolitionHammer
Bobr
Zuluuuuuuuuuu!
0
0

Comments sign in to comment!

No comments posted yet!